[Event "*** Titled Tuesday Blitz"]
[Site "Chess.com"]
[Date "2019.09.03"]
[Round "3"]
[White "ulises2013"]
[Black "HanSchut"]
[Result "1-0"]
[WhiteElo "2497"]
[BlackElo "2212"]
[TimeControl "180+2"]
[EndTime "15:37:10 PDT"]
[Termination "ulises2013 won by resignation"]

1. d4 Nf6 2. c4 g6 3. Nc3 d5 4. Nf3 Bg7 5. Bf4 O-O 6. Rc1 c6 7. e3 Ne4 8. h3 Qa5 9. Qb3 dxc4 10.
Bxc4 b5 11. Bd3 Be6 12. Qc2 Nxc3 13. Qxc3 Qxa2 14. O-O Rc8 15. b4 a5 16. Ra1 Qd5 17. bxa5 c5 18. Be5 cxd4 19. Qxd4 Bxe5 20. Nxe5 Qxd4 21. exd4 b4 22. Rfb1 b3 23. a6 Nc6 24.
Nxc6 Rxc6 25. Be4 Rcc8 26. Bxa8 Rxa8 27. a7 Bd5 28. Ra5 e6 29. Kf1 Kg7 30. Ke2 Kf6 31. g3 Ke7 32. Kd2 Kd6 33. Kc3 Kc7 34. Kb2 Kb6 35.
Rba1 h5 36. h4 Kb7 37. Rb5+ Kc6 38. Rb4 Kd6 39. Ra6+ Ke7 40. Rb8 Kf6 41. Rxa8 Bxa8 42. Kxb3 1-0

[Event "*** Titled Tuesday Blitz"]
[Site "Chess.com"]
[Date "2019.09.03"]
[Round "3"]
[White "Witik"]
[Black "pedromartinez91"]
[Result "1-0"]
[WhiteElo "2551"]
[BlackElo "2510"]
[TimeControl "180+2"]
[EndTime "15:37:12 PDT"]
[Termination "Witik won by resignation"]

1. d4 e6 2. c4 d5 3. Nf3 Be7 4. Nc3 Nf6 5. Bf4 O-O 6. e3 a6 7.
cxd5 Nxd5 8. Bg3 c5 9. Bd3 Nc6 10. O-O cxd4 11. exd4 Bf6 12. Rc1 Nce7 13. Ne4 Bd7 14.
Ne5 Bc6 15. Bb1 Rc8 16. Qh5 Ng6 17. Nc5 Bxe5 18. dxe5 b6 19. Ne4 h6 20. Nd6 Rc7 21. Nxf7 Rfxf7 22. Qxg6 Kf8 23. Qxe6 Bb7 24. Qg6 Rxc1 25.
Rxc1 Ne7 26. Qd6 Qxd6 27. exd6 Nd5 28. Be4 Ke8 29. Bg6 1-0

[Event "*** Titled Tuesday Blitz"]
[Site "Chess.com"]
[Date "2019.09.03"]
[Round "3"]
[White "Svet99"]
[Black "pedro_gines"]
[Result "0-1"]
[WhiteElo "2140"]
[BlackElo "2525"]
[TimeControl "180+2"]
[EndTime "15:37:13 PDT"]
[Termination "pedro_gines won by resignation"]

1. Nf3 d5 2. d4 c5 3. e3 Nf6 4. c3 Nbd7 5. Nbd2 Qc7 6. Bd3 e5 7.
dxe5 Nxe5 8. Nxe5 Qxe5 9. Nf3 Qc7 10. O-O Bd6 11. h3 O-O 12. c4 dxc4 13. Bxc4 Bf5 14.
Qb3 a6 15. a4 Rab8 16. Bd2 Ne4 17. Bc3 Nxc3 18. Qxc3 b5 19. axb5 axb5 20. Bd5 Be7 21. e4 Bf6 22. e5 Be7 23. Rfe1 Rb6 24. Qe3 c4 25. Qf4 Bd3 26. Ng5 Rg6 27. Bxf7+ Kh8 28. Ne6 Rxe6 29. Ra8 Bd8 30. Qd4 Qxf7 31. Rxd8 h6 32.
Rd7 Qg6 33. Rd6 Rfe8 34. Ra1 Qe4 35. Qxe4 Bxe4 36. Rxe6 Rxe6 37. f4 b4 38. Rc1 Rc6 39. Kf2 c3 40. bxc3 b3 41. Re1 b2 42. Ke3 b1=Q 0-1

[Event "*** Titled Tuesday Blitz"]
[Site "Chess.com"]
[Date "2019.09.03"]
[Round "3"]
[White "MarcoRiehle"]
[Black "amintabatabaei"]
[Result "0-1"]
[WhiteElo "2699"]
[BlackElo "2902"]
[TimeControl "180+2"]
[EndTime "15:37:15 PDT"]
[Termination "amintabatabaei won by checkmate"]

1. e4 c5 2. Nf3 Nc6 3. d4 cxd4 4.
Nxd4 Nf6 5. Nc3 d6 6. f3 e5 7. Nb3 Be7 8. Be3 O-O 9. Be2 a5 10. a4 Be6 11. Nd5 Bxd5 12. exd5 Nb4 13. c4 b6 14. O-O Nh5 15. Nd2 Na6 16. Ne4 Nc5 17. Qe1 f5 18. Ng3 Nf4 19. b4 axb4 20. Qxb4 Bg5 21.
Bf2 h5 22. Bd1 h4 23. Ne2 Nfd3 24. Qb5 Nxf2 25. Kxf2 Nd3+ 26. Kg1 Be3+ 27. Kh1 Nf2+ 28. Rxf2 Bxf2 29. Bc2 Bc5 30. Nc3 Qg5 31. Qd7 h3 32.
gxh3 Qe3 33. Rf1 Qxc3 34. Qe6+ Kh8 35. Bxf5 Rf6 36. Qd7 Qxc4 37. Re1 Qxa4 38. Qe7 Rxf5 39. Kg2 Qc2+ 40. Kh1 Qf2 41. Re2 Qf1# 0-1

[Event "*** Titled Tuesday Blitz"]
[Site "Chess.com"]
[Date "2019.09.03"]
[Round "3"]
[White "cherryandmint"]
[Black "Vuks91"]
[Result "1-0"]
[WhiteElo "2811"]
[BlackElo "2583"]
[TimeControl "180+2"]
[EndTime "15:37:20 PDT"]
[Termination "cherryandmint won by checkmate"]

1. e4 c6 2. d4 d5 3. e5 Bf5 4.
Nf3 e6 5. Be2 Ne7 6. O-O Ng6 7.
a4 Nd7 8. a5 f6 9. exf6 Qxf6 10.
Bg5 Qf7 11. c4 Bd6 12. Nc3 O-O 13. Qd2 h6 14. Be3 Nf6 15. c5 Bc7 16. a6 b5 17.
cxb6 axb6 18. Ne5 Nxe5 19. dxe5 Nd7 20. f4 Nc5 21. Qd1 Rfd8 22. b4 d4 23. bxc5 dxe3 24. Qc1 b5 25. Qxe3 Bb8 26. Ne4 Bxe4 27. Qxe4 Rd5 28. Bf3 Qe7 29. Kh1 Ba7 30. Qg6 Rxc5 31. Be4 Qf7 32. Qh7+ Kf8 33. f5 Qg8 34. fxe6+ Ke7 35.
Rf7+ Kxe6 36. Qf5# 1-0

[Event "*** Titled Tuesday Blitz"]
[Site "Chess.com"]
[Date "2019.09.03"]
[Round "3"]
[White "Sosat98"]
[Black "Kanthecarowin"]
[Result "1/2-1/2"]
[WhiteElo "2597"]
[BlackElo "2375"]
[TimeControl "180+2"]
[EndTime "15:37:22 PDT"]
[Termination "Game drawn by repetition"]

1. e4 c6 2. Nf3 d5 3. exd5 cxd5 4.
Ne5 Nf6 5. Bb5+ Bd7 6. Nxd7 Nbxd7 7. O-O e6 8. d4 Bd6 9. c3 O-O 10. Nd2 Rc8 11. f4 a6 12. Bd3 b5 13. a3 Qc7 14. g3 Nb6 15. Nf3 Nc4 16. Qe2 a5 17. Ne5 b4 18. Rf3 Qb6 19. Kg2 bxa3 20. bxa3 Rc7 21.
Rb1 Qa7 22. Bxc4 dxc4 23. f5 Bxe5 24. dxe5 Nd5 25. f6 Rb7 26. Rxb7 Qxb7 27. fxg7 Rd8 28. Qxc4 Rc8 29. Qh4 Rxc3 30. Qd8+ Kxg7 31. Qg5+ Kf8 32. Qd8+ Kg7 33. Rxc3 Nxc3+ 34. Kh3 Qf3 35. Qg5+ Kf8 36. Be3 Ne4 37. Qg4 Qxe3 38. Qh4 Nf2+ 39. Kg2 Qd2 40. Kf3 Nd3 41. Qd8+ Kg7 42. Qf6+ Kf8 43. Qd8+ Kg7 44.
Qf6+ Kf8 45. Qd8+ 1/2-1/2

[Event "*** Titled Tuesday Blitz"]
[Site "Chess.com"]
[Date "2019.09.03"]
[Round "3"]
[White "iLuusions"]
[Black "becemix"]
[Result "0-1"]
[WhiteElo "2612"]
[BlackElo "2412"]
[TimeControl "180+2"]
[EndTime "15:37:28 PDT"]
[Termination "becemix won by resignation"]

1. d4 d5 2. c4 e6 3. Nf3 c6 4.
Qc2 Nf6 5. g3 Nbd7 6. Bg2 Bd6 7.
O-O O-O 8. Rd1 Qe7 9. Nc3 dxc4 10. Nd2 Nb6 11. Nce4 Nxe4 12. Nxe4 Bc7 13. a4 a5 14. Ng5 g6 15. Ne4 e5 16. Bg5 f6 17. Bh6 Rf7 18.
dxe5 Bxe5 19. Be3 Qc7 20. f4 Nd5 21. Bf2 Nxf4 22. gxf4 Bxf4 23. Qxc4 Bxh2+ 24. Kh1 Bf5 25. Nd6 Bxd6 26. e4 Bg4 27. Rg1 Qe7 28. Bd4 Be5 29. Bc5 Qe6 30. Qc2 Bh3 31. Bf3 Rd8 32. Be2 Qc8 33. Bb6 Re8 34. Bxa5 Kh8 35. Rad1 Be6 36. Bc3 Bb3 37. Qd3 Bxd1 38. Bxd1 Bxc3 39. bxc3 Rxe4 40. Bb3 Rh4+ 41. Kg2 Qg4+ 42. Kf2 Qf4+ 0-1

[Event "*** Titled Tuesday Blitz"]
[Site "Chess.com"]
[Date "2019.09.03"]
[Round "3"]
[White "Thjop"]
[Black "12teen"]
[Result "1-0"]
[WhiteElo "2573"]
[BlackElo "2763"]
[TimeControl "180+2"]
[EndTime "15:37:29 PDT"]
[Termination "Thjop won by resignation"]

1. e4 a6 2. d4 b5 3. c4 Bb7 4. f3 bxc4 5. Bxc4 e6 6. Nc3 d5 7. Qb3 Ra7 8. exd5 Qh4+ 9. g3 Qxd4 10. Nge2 Qb6 11. Qxb6 cxb6 12. Be3 Bc5 13. Bxc5 bxc5 14.
dxe6 fxe6 15. O-O e5 16. f4 e4 17. Rad1 Nf6 18. f5 Nc6 19. Nf4 Ne5 20. Be2 Kf7 21.
Rd6 Re8 22. Rfd1 Bc8 23. Nh5 Bxf5 24. Nxf6 gxf6 25. Rf1 Kg6 26. Bh5+ Kxh5 27. Rxf5+ Kg4 28. Rf4+ Kg5 29. Nxe4+ Kg6 30. Nxf6 Rb8 31. Nd7+ 1-0

[Event "*** Titled Tuesday Blitz"]
[Site "Chess.com"]
[Date "2019.09.03"]
[Round "3"]
[White "jcibarra"]
[Black "grzechu96"]
[Result "1-0"]
[WhiteElo "2819"]
[BlackElo "2587"]
[TimeControl "180+2"]
[EndTime "15:37:31 PDT"]
[Termination "jcibarra won by resignation"]

1. e4 e5 2. Nf3 Nc6 3. d4 exd4 4. Nxd4 Nf6 5. Nxc6 bxc6 6. e5 Qe7 7. Qe2 Nd5 8. h4 Qe6 9. Nd2 d6 10. exd6 cxd6 11.
Ne4 Be7 12. Bg5 O-O 13. O-O-O f6 14. Bd2 Rb8 15. c4 Nb6 16. Bf4 Rd8 17. Nxd6 Qxe2 18. Bxe2 Be6 19. b3 Ra8 20. Bf3 Bd5 21. cxd5 Bxd6 22.
Bxd6 Rxd6 23. dxc6 Re6 24. c7 Rc8 25. Rd8+ Re8 26.
Rxe8+ Rxe8 27. Rd1 Kf7 28. Rd8 Ke7 29. Rxe8+ Kxe8 30. Bg4 1-0

[Event "*** Titled Tuesday Blitz"]
[Site "Chess.com"]
[Date "2019.09.03"]
[Round "3"]
[White "wonderfultime"]
[Black "Blackmind96"]
[Result "1-0"]
[WhiteElo "2943"]
[BlackElo "2713"]
[TimeControl "180+2"]
[EndTime "15:37:33 PDT"]
[Termination "wonderfultime won by resignation"]

1. d4 Nf6 2. Nf3 e6 3. Bf4 d5 4. e3 Bd6 5. Bg3 O-O 6. Nbd2 c5 7. c3 Qc7 8. dxc5 Qxc5 9. Bd3 Nbd7 10. e4 Bxg3 11. hxg3 dxe4 12. Nxe4 Nxe4 13. Bxe4 Nf6 14. Qe2 Bd7 15. Rd1 Bb5 16. Bd3 Bxd3 17. Rxd3 Rad8 18. O-O Rxd3 19. Qxd3 Qd5 20. Qxd5 Nxd5 21. Rd1 Rc8 22. Rd4 Kf8 23. Kf1 Ke7 24. Ke2 b5 25. a4 a6 26. Kd3 f6 27. Nd2 Kd6 28. a5 e5 29. Rh4 h6 30. Rh1 f5 31. f3 Rd8 32. Re1 Re8 33. c4 Nc7 34. b4 Kc6 35. Kc3 g6 36. g4 bxc4 37. Kxc4 Nb5 38. gxf5 gxf5 39. Nb3 Nd6+ 40. Kc3 Nb5+ 41. Kb2 Nd6 42. Nc5 Kb5 43. Kb3 Nc4 44. Rd1 Nxa5+ 45. Kc3 Nc6 46. Nb7 Re7 47. Nd6+ Kb6 48. Nc8+ Kc7 49. Nxe7 Nxe7 50. Rh1 Nd5+ 51. Kc4 Ne3+ 52. Kc5 Nxg2 53. Rxh6 Ne3 54. Rxa6 e4 55. fxe4 fxe4 56. Re6 1-0

[Event "*** Titled Tuesday Blitz"]
[Site "Chess.com"]
[Date "2019.09.03"]
[Round "3"]
[White "almaguerjm"]
[Black "FedaMaster"]
[Result "0-1"]
[WhiteElo "2364"]
[BlackElo "2595"]
[TimeControl "180+2"]
[EndTime "15:37:38 PDT"]
[Termination "FedaMaster won by resignation"]

1. d4 Nf6 2. c4 g6 3. Nc3 d5 4.
Nf3 Bg7 5. Bg5 c5 6. Bxf6 Bxf6 7. cxd5 cxd4 8. Nxd4 Qb6 9. Nb3 a5 10. a4 O-O 11. e3 Bg4 12. Be2 Bxe2 13. Kxe2 Rd8 14. Nb5 Na6 15. Rc1 Bxb2 16. Rc2 Bf6 17. e4 Nb4 18. Rd2 Rac8 19. Qb1 Rc4 20. Rc1 Rdc8 21. Rxc4 Rxc4 22. f3 Bg5 23. Rd4 Rc2+ 24. Kf1 Be3 25.
Rxb4 Rf2+ 26. Ke1 axb4 27. Qd3 Rxg2 28. Qc4 Bd2+ 29. Kd1 Qg1+ 30. Kc2 Bc3+ 31. Kd3 Qf1+ 32. Ke3 Qxc4 0-1

[Event "*** Titled Tuesday Blitz"]
[Site "Chess.com"]
[Date "2019.09.03"]
[Round "3"]
[White "gmcorrales"]
[Black "Alohamora11"]
[Result "1-0"]
[WhiteElo "2715"]
[BlackElo "2453"]
[TimeControl "180+2"]
[EndTime "15:37:45 PDT"]
[Termination "gmcorrales won by resignation"]

1. e4 c5 2. Nf3 g6 3. d4 cxd4 4. Qxd4 Nf6 5. Nc3 Nc6 6. Qa4 d6 7. e5 dxe5 8. Nxe5 Qd4 9. Nxc6 Qxa4 10. Nxa4 bxc6 11. b3 Bg7 12. Bb2 O-O 13. f3 Nd5 14. Bxg7 Kxg7 15. O-O-O h5 16. Re1 Rd8 17. Nc5 e6 18. g3 a5 19. a3 Nc7 20. f4 Na6 21. Bxa6 Bxa6 22. c4 a4 23. Nxa4 Bxc4 24. Nb6 Bd5 25.
Nxa8 Rxa8 26. Kb2 Rb8 27. b4 Bxh1 28. Rxh1 c5 29. Kc3 cxb4+ 30. axb4 Kf6 31. Rb1 Kf5 32.
b5 e5 33. fxe5 Kxe5 34. Kb4 Kf5 35. Kc5 Kg4 36. b6 Kh3 37. Rb2 f5 38. Kc6 g5 39.
Kc7 Rh8 40. b7 h4 41. gxh4 Kxh4 42. Rf2 f4 43. b8=Q Rxb8 44. Kxb8 Kh3 45. Kc7 g4 46. Rxf4 g3 47. hxg3 1-0

[Event "*** Titled Tuesday Blitz"]
[Site "Chess.com"]
[Date "2019.09.03"]
[Round "3"]
[White "GasconJR"]
[Black "champ2005"]
[Result "0-1"]
[WhiteElo "2485"]
[BlackElo "2854"]
[TimeControl "180+2"]
[EndTime "15:37:46 PDT"]
[Termination "champ2005 won by resignation"]

1. d4 Nf6 2. Nf3 e6 3. e3 c5 4.
Bd3 d5 5. O-O Nc6 6. c3 Bd6 7.
Nbd2 O-O 8. dxc5 Bxc5 9. b4 Bd6 10. a3 e5 11. e4 Bg4 12. h3 Bh5 13. c4 dxc4 14.
Bxc4 Nd4 15. Re1 Rc8 16. Bd3 Rc3 17. Re3 Bb8 18. Bb2 Rc8 19. Bxd4 exd4 20. Re1 Bf4 21. Nf1 Rc3 22. g3 Bb8 23. e5 Nd5 24. g4 Nf4 25. gxh5 Rxd3 26. N1d2 Qd7 27. Re4 Qf5 28. Qf1 Nxh3+ 29. Kg2 Rxf3 30. Nxf3 Qxe4 31. Re1 Qg4+ 32. Kh2 Qxf3 0-1

[Event "*** Titled Tuesday Blitz"]
[Site "Chess.com"]
[Date "2019.09.03"]
[Round "3"]
[White "tonyq11"]
[Black "Th3ChessViking"]
[Result "0-1"]
[WhiteElo "2194"]
[BlackElo "2452"]
[TimeControl "180+2"]
[EndTime "15:37:47 PDT"]
[Termination "Th3ChessViking won by checkmate"]

1. d4 Nf6 2. c4 c5 3. Nf3 e6 4.
Nc3 cxd4 5. Nxd4 a6 6. g3 Be7 7. Bg2 O-O 8. O-O Qc7 9. b3 d5 10. Bb2 dxc4 11. Rc1 Rd8 12. bxc4 e5 13. Nd5 Nxd5 14.
cxd5 Qb6 15. Nb3 Nd7 16. Qd2 Bd6 17. Rfd1 Nf8 18. Bc3 Qb5 19. e4 Bg4 20. Bf1 Qa4 21.
Re1 Rac8 22. h3 Bd7 23. f4 exf4 24. gxf4 Rxc3 25. Rxc3 Bb4 26. Qc2 Bxc3 27. Qxc3 Rc8 28. Qd4 Qxa2 29. Nc5 Qa5 30. Nxd7 Qxe1 31. Nxf8 Qg3+ 32.
Kh1 Qf3+ 33. Bg2 Rc1+ 34. Kh2 Qxf4# 0-1

[Event "*** Titled Tuesday Blitz"]
[Site "Chess.com"]
[Date "2019.09.03"]
[Round "3"]
[White "Korchmar_Vasiliy"]
[Black "eljanov"]
[Result "0-1"]
[WhiteElo "2700"]
[BlackElo "2917"]
[TimeControl "180+2"]
[EndTime "15:37:48 PDT"]
[Termination "eljanov won on time"]

1. d4 Nf6 2. Nf3 e6 3. Bf4 d5 4. e3 Bd6 5. Bg3 O-O 6. c4 c5 7. dxc5 Bxc5 8. Nc3 Nc6 9. Be2 dxc4 10. Bxc4 b6 11. O-O Bb7 12. Qe2 Qe7 13. Bh4 h6 14. Ne4 g5 15. Nxc5 Qxc5 16. Bg3 Ne4 17. Rac1 Qe7 18.
Bd3 Nxg3 19. hxg3 Rac8 20. Rfd1 Rfd8 21. Bb1 Qf6 22. Be4 Rxd1+ 23. Rxd1 Rd8 24. Rc1 Na5 25. Bxb7 Nxb7 26. Rc7 Nc5 27. Rxa7 Ne4 28. Nd4 e5 29. Nf3 Qc6 30. Nxe5 Qc1+ 31. Kh2 Rd1 0-1

[Event "*** Titled Tuesday Blitz"]
[Site "Chess.com"]
[Date "2019.09.03"]
[Round "3"]
[White "David_Paravyan"]
[Black "Faustregel"]
[Result "1-0"]
[WhiteElo "2906"]
[BlackElo "2505"]
[TimeControl "180+2"]
[EndTime "15:37:49 PDT"]
[Termination "David_Paravyan won by resignation"]

1. e4 c5 2. f4 d5 3. exd5 Nf6 4. Bb5+ Bd7 5. Bxd7+ Qxd7 6. c4 e6 7. Qe2 Be7 8. dxe6 Qxe6 9. Qxe6 fxe6 10. Nf3 Nc6 11. Nc3 O-O-O 12. O-O Rd3 13. b3 Bd6 14. Ne1 Rd4 15.
Nb5 Bxf4 16. Nxd4 Nxd4 17. Nd3 Bd6 18. Bb2 Kd7 19. Rae1 Re8 20. Ne5+ Bxe5 21. Rxe5 Kd6 22. Bxd4 cxd4 23. Rg5 Re7 24. c5+ Kc6 25. Re1 Nd5 26.
Rge5 Nc7 27. a4 a5 28. R1e4 Rd7 29. d3 g6 30. h4 Rd5 31. Rxd5 Kxd5 32. h5 gxh5 33.
Rh4 e5 34. Rxh5 Ne6 35. Rxh7 Nxc5 36. Rh3 Nxb3 37. g4 Nc5 38. g5 Ke6 39. Rf3 Nxd3 40. Rxd3 Kf5 41. Rg3 Kg6 42. Rg4 d3 43. Kf2 1-0

[Event "*** Titled Tuesday Blitz"]
[Site "Chess.com"]
[Date "2019.09.03"]
[Round "3"]
[White "ZeroRealtorFade"]
[Black "nocnypako"]
[Result "0-1"]
[WhiteElo "2360"]
[BlackElo "2591"]
[TimeControl "180+2"]
[EndTime "15:37:51 PDT"]
[Termination "nocnypako won on time"]

1. d4 Nf6 2. Bf4 g6 3. e3 Bg7 4. Nf3 d6 5. h3 O-O 6. c3 Nbd7 7. Nbd2 Re8 8. Bh2 b6 9. Be2 Bb7 10. O-O e5 11. dxe5 dxe5 12. Qc2 Qe7 13. Bb5 a6 14. Ba4 b5 15. Bb3 c5 16. a3 c4 17.
Ba2 e4 18. Nd4 Nc5 19. Rad1 Rac8 20. Bb1 Nd3 21. a4 Qc5 22. b4 Qb6 23. a5 Qd8 24.
Qa2 Qe7 25. Bxd3 exd3 26. Rde1 Nd5 27. Qb2 Bxd4 28. exd4 Qxe1 29. Rxe1 Rxe1+ 30. Nf1 Rce8 31. Qd2 R1e2 32. Qg5 f6 0-1

[Event "*** Titled Tuesday Blitz"]
[Site "Chess.com"]
[Date "2019.09.03"]
[Round "3"]
[White "Gubajdullin"]
[Black "JMatias"]
[Result "1-0"]
[WhiteElo "2613"]
[BlackElo "2381"]
[TimeControl "180+2"]
[EndTime "15:37:56 PDT"]
[Termination "Gubajdullin won by checkmate"]

1. d4 d6 2. Bf4 g6 3. Nf3 Bg7 4. e3 Nc6 5. Bc4 Nf6 6. d5 Na5 7. Bb5+ c6 8. dxc6 bxc6 9. Be2 Nh5 10. c3 Nxf4 11. exf4 O-O 12. O-O c5 13. Na3 Rb8 14. Qd2 Qc7 15. Rfe1 Rd8 16. Bf1 Bb7 17. Ng5 h6 18.
Ne4 Ba8 19. Ng3 e6 20. h4 h5 21. Ne4 Rb6 22. Ng5 Rdb8 23. Rab1 Bd5 24. c4 Bc6 25.
Qxa5 Qb7 26. Qd2 Bxb2 27. Nb5 Bxb5 28. cxb5 Bd4 29. a4 Qe7 30. a5 R6b7 31. f5 gxf5 32. Qd1 Kg7 33. Qxh5 Rh8 34. Qf3 Rxh4 35. Nh3 Rb8 36.
b6 axb6 37. Rxb6 Rbh8 38. Qxf5 Bc3 39. Re3 Bxa5 40. Rg3+ Kh6 41. Rb7 Bc7 42. Rxc7 Qxc7 43. Qf6+ Kh5 44. Qg5# 1-0

[Event "*** Titled Tuesday Blitz"]
[Site "Chess.com"]
[Date "2019.09.03"]
[Round "3"]
[White "patrisiii123"]
[Black "ENEASZ"]
[Result "1-0"]
[WhiteElo "2363"]
[BlackElo "2546"]
[TimeControl "180+2"]
[EndTime "15:37:57 PDT"]
[Termination "patrisiii123 won by resignation"]

1. e4 d6 2. d4 Nf6 3. Nc3 e5 4. Nf3 Nbd7 5. Bc4 Be7 6. O-O O-O 7. Qe2 c6 8. a4 b6 9. h3 a6 10. Be3 Bb7 11. Rfd1 Qc7 12. dxe5 Nxe5 13. Nxe5 dxe5 14. f3 b5 15. Bb3 Nd7 16. Qf2 Rab8 17. Rd2 Bc8 18.
Rad1 Nf6 19. Ba7 Rb7 20. Bc5 Nh5 21. axb5 axb5 22. Ne2 g6 23. Bd6 Bxd6 24. Rxd6 c5 25. Bd5 Rb6 26. Rxb6 Qxb6 27. b4 Be6 28. bxc5 Qa6 29. c6 Bc8 30. Qc5 b4 31. Bc4 Qa3 32. c3 Qa4 33. Rd2 bxc3 34. Nxc3 Qa1+ 35. Nd1 Nf4 36.
c7 Qc1 37. Bxf7+ Rxf7 38. Qxc1 1-0

[Event "*** Titled Tuesday Blitz"]
[Site "Chess.com"]
[Date "2019.09.03"]
[Round "3"]
[White "kuli4ik"]
[Black "karinachess1"]
[Result "1-0"]
[WhiteElo "2792"]
[BlackElo "2559"]
[TimeControl "180+2"]
[EndTime "15:37:59 PDT"]
[Termination "kuli4ik won on time"]

1. Nf3 Nf6 2. g3 g6 3. b3 Bg7 4. Bb2 d6 5. d4 c5 6. Bg2 O-O 7. O-O cxd4 8. Nxd4 d5 9. c4 dxc4 10. Na3 Qb6 11. Nxc4 Qa6 12. a4 Rd8 13. Qc2 Bd7 14. Rfd1 Nc6 15. Nb5 Rac8 16. Rac1 Bf5 17. Rxd8+ Nxd8 18.
e4 Be6 19. Qd3 Nc6 20. h3 h5 21. Qe3 b6 22. f4 Nb4 23. Bf1 Qb7 24. Bg2 Rd8 25. e5 Nfd5 26. Qe2 Qd7 27. h4 Bg4 28. Qd2 a6 29. Nd4 b5 30. axb5 axb5 31. Ne3 Nxe3 32. Qxe3 Nd5 33. Qd3 Qa7 34. Kh2 Nb4 35. Qd2 Na6 36.
Qa5 Rxd4 37. Bxd4 Qxd4 38. Qxa6 Qd2 39. Qa8+ Kh7 40. Rc7 1-0

[Event "*** Titled Tuesday Blitz"]
[Site "Chess.com"]
[Date "2019.09.03"]
[Round "3"]
[White "TreabharMakernes"]
[Black "GianmarcoVaR"]
[Result "0-1"]
[WhiteElo "2355"]
[BlackElo "2583"]
[TimeControl "180+2"]
[EndTime "15:37:59 PDT"]
[Termination "GianmarcoVaR won by resignation"]

1. e4 c5 2. Nf3 d6 3. d4 cxd4 4. Nxd4 Nf6 5. Nc3 a6 6. Be3 e5 7. Nb3 Be6 8. f3 Nbd7 9. Qd2 b5 10. O-O-O Be7 11. g4 b4 12. Nd5 Bxd5 13. exd5 Nb6 14. Bxb6 Qxb6 15. Kb1 a5 16. Qd3 O-O 17. Nd2 a4 18. g5 Nh5 19. Nc4 Qb7 20. Rg1 Rfc8 21. Bh3 Rc5 22. Qe4 Nf4 23. Bf1 a3 24. b3 Rxd5 25.
Bd3 g6 26. h4 Qa7 27. h5 Rd4 28. Qe3 Nxh5 29. Rh1 Qc5 30. Rxh5 Rxc4 31. Qxc5 Rxc5 32. Rh3 Bxg5 33. Be4 Ra6 34. Bd5 h6 35. Rd4 0-1

[Event "*** Titled Tuesday Blitz"]
[Site "Chess.com"]
[Date "2019.09.03"]
[Round "3"]
[White "johnathan113"]
[Black "SirMittensofMittensville"]
[Result "1-0"]
[WhiteElo "2769"]
[BlackElo "2532"]
[TimeControl "180+2"]
[EndTime "15:38:04 PDT"]
[Termination "johnathan113 won by resignation"]

1. e4 e5 2. Nf3 Nc6 3. d4 exd4 4. Nxd4 Bb4+ 5. c3 Bc5 6. Be3 Bb6 7. Nf5 Bxe3 8.
Nxe3 Nf6 9. f3 O-O 10. c4 d6 11. Nc3 Nd7 12. Qd2 Nc5 13. Be2 f5 14. exf5 Bxf5 15.
O-O Bg6 16. f4 Qd7 17. Bg4 Qd8 18. b3 Kh8 19. f5 Bf7 20. Ned5 Ne5 21. Bh3 c6 22.
Nf4 Qe7 23. Rad1 Rad8 24. Kh1 a5 25. Qe2 Qg5 26. Rxd6 Rxd6 27. Qxe5 Qh6 28. Qxc5 Rfd8 29. Ne6 R8d7 30. Nf8 Rd8 31. Ne6 R8d7 32. Bg4 Qh4 33. h3 Qg3 34. Ne4 Qd3 35. Re1 b6 36. Qxb6 h5 37. Nxd6 hxg4 38. Nxf7+ Rxf7 39. Qb8+ Kh7 40. Ng5+ 1-0

[Event "*** Titled Tuesday Blitz"]
[Site "Chess.com"]
[Date "2019.09.03"]
[Round "3"]
[White "Vasily_Papin"]
[Black "jorquerino"]
[Result "1-0"]
[WhiteElo "2579"]
[BlackElo "2300"]
[TimeControl "180+2"]
[EndTime "15:38:05 PDT"]
[Termination "Vasily_Papin won on time"]

1. c4 Nf6 2. g3 e6 3. Bg2 d5 4.
Nf3 c5 5. cxd5 exd5 6. d4 Nc6 7. O-O h6 8. Nc3 Be6 9. b3 Be7 10. Bb2 O-O 11. Rc1 Rc8 12. dxc5 Bxc5 13. Na4 Be7 14. Nc5 b6 15. Nxe6 fxe6 16. Bh3 Qd6 17. Qd3 Ne4 18. Rfd1 Rcd8 19. a3 Bf6 20. Bxf6 Rxf6 21.
b4 Ne5 22. Qe3 Rdf8 23. Nxe5 Qxe5 24. f3 Qh5 25. Bg4 Qg5 26. Qxg5 Nxg5 27. Rc7 R8f7 28. Rdc1 g6 29. h4 Rxc7 30. Rxc7 Nf7 31. Rxa7 h5 32. Bh3 Ne5 33. Re7 Nc4 34. Rxe6 Rxe6 35. Bxe6+ Kg7 36. a4 1-0

[Event "*** Titled Tuesday Blitz"]
[Site "Chess.com"]
[Date "2019.09.03"]
[Round "3"]
[White "icychess54"]
[Black "scaryninja"]
[Result "0-1"]
[WhiteElo "2219"]
[BlackElo "2503"]
[TimeControl "180+2"]
[EndTime "15:38:08 PDT"]
[Termination "scaryninja won by resignation"]

1. c4 e5 2. Nc3 Nc6 3. Nf3 Bb4 4. Qc2 Bxc3 5. Qxc3 d6 6. e3 Nge7 7. Be2 O-O 8. O-O f5 9. a3 a5 10. b3 Qe8 11. Bb2 Qg6 12. Rfd1 f4 13. e4 Bg4 14. d4 Bxf3 15. Bxf3 Nxd4 16. Rxd4 exd4 17. Qxd4 Nc6 18. Qd2 Ne5 19. Bxe5 dxe5 20. Qd5+ Kh8 21. Qxe5 Qb6 22. Rb1 Rae8 23. Qc3 Rd8 24. h4 a4 25. b4 Qd4 26.
Qc1 Qd2 27. Qf1 Qc3 28. h5 h6 29. e5 Qxe5 30. Re1 Qc3 31. Re7 Qxa3 32. Qe2 Qa1+ 33. Kh2 a3 34. Qe4 Qf6 35. Re6 Qh4+ 36. Kg1 a2 37. Qe1 Rd6 38. Re8 Qf6 39. Rxf8+ Qxf8 40.
Bd5 Ra6 41. Qa1 Qf6 0-1

[Event "*** Titled Tuesday Blitz"]
[Site "Chess.com"]
[Date "2019.09.03"]
[Round "3"]
[White "jmduque"]
[Black "chessking2151"]
[Result "0-1"]
[WhiteElo "2390"]
[BlackElo "2628"]
[TimeControl "180+2"]
[EndTime "15:38:10 PDT"]
[Termination "chessking2151 won by checkmate"]

1. e4 e5 2. Nf3 Nc6 3. Bc4 Nf6 4. Ng5 d5 5. exd5 Na5 6. Bb5+ c6 7. dxc6 bxc6 8.
Be2 h6 9. Nh3 Bc5 10. d3 O-O 11. O-O Bf5 12. Bf3 Qd7 13. Kh1 Rfe8 14. Nd2 Rad8 15.
a3 Nb7 16. Ng1 g5 17. Nb3 Bb6 18. Be3 Nd5 19. Bxb6 axb6 20. Be4 Nd6 21. Qh5 Nxe4 22. dxe4 Bxe4 23. Qxh6 Re6 24. Qh5 Kg7 25. f3 Bg6 26. Qxg5 Rh8 27. Nh3 Ree8 28. c4 Rh5 29. Qg3 Ne3 30.
Rfe1 Nc2 31. Rad1 Qe6 32. Re4 Reh8 33. Rg4 Ne3 34. Rxg6+ fxg6 35. Re1 Nxg2 36. Ng5 Rxh2+ 37. Kg1 Qf6 38. Qxe5 Qxe5 39. Rxe5 Nf4 40. Re4 Rg2+ 41. Kf1 Rh1# 0-1

[Event "*** Titled Tuesday Blitz"]
[Site "Chess.com"]
[Date "2019.09.03"]
[Round "3"]
[White "fmshawnrl123"]
[Black "Sanan_Sjugirov"]
[Result "0-1"]
[WhiteElo "2669"]
[BlackElo "2864"]
[TimeControl "180+2"]
[EndTime "15:38:14 PDT"]
[Termination "Sanan_Sjugirov won by resignation"]

1. e4 c5 2. Nf3 d6 3. d4 cxd4 4. Qxd4 Nc6 5. Bb5 a6 6. Bxc6+ bxc6 7. O-O e5 8. Qd3 Be7 9. Nc3 Nf6 10. Rd1 h6 11. Nd2 O-O 12. Nc4 Qc7 13. Be3 Be6 14. Nxd6 Rfd8 15. Bc5 Qb8 16. Na4 Ne8 17. Nb6 Nxd6 18.
Nxa8 Nb7 19. Bxe7 Rxd3 20. Rxd3 Qxa8 21. Rad1 Qa7 22. b4 a5 23. a3 axb4 24. axb4 Qa2 25. R3d2 Kh7 26. h3 Qc4 27. f3 c5 28. bxc5 Nxc5 29.
Bxc5 Qxc5+ 30. Kh2 h5 31. Re2 h4 32. Rdd2 Kh6 33. Rf2 Kg5 34. g3 hxg3+ 35. Kxg3 Qe3 36. Rfe2 Qf4+ 37. Kg2 Kh4 38. Rd1 Qg3+ 39. Kh1 Qxf3+ 0-1